AoeStats
← oneal321

Arena

510186380Analyzed
4v4 RM · 16h ago on Sep 29, 2026· 91m 39s· 8 players
Game mode
Random Map
Map size
Large (8 player)
Population
200
Speed
Normal
Resources
Standard
Victory
Conquest
Starting age
Dark Age
Ending age
Imperial Age
RankedLock teamsTeams togetherTeam positionsShared explorationLock speedFull tech treeHidden civsTurbo modeCheats
Victory
Defeat
🇺🇸 Sicilians · United States
649
+15
🇺🇸 Byzantines · United States
624
+16
🇹🇷 Turks · Türkiye
592
+17
🇵🇭 Spanish · Philippines
491
+20
🇺🇸 Persians · United States
713
-22
🇹🇷 Huns · Türkiye
698
-20
🇬🇧 Spanish · United Kingdom
562
-15
🇦🇷 Inca · Argentina
474
-11
oneal321
1:18 Loom
14:33 Feudal Age
15:24 Double-Bit Axe
18:19 Fletching
19:47 Scale Mail Armor
19:58 Forging
28:49 Castle Age
30:55 Bodkin Arrow
34:34 Chain Mail Armor
34:55 Iron Casting
37:13 Wheelbarrow
36:52 Squires
36:39 Gambesons
36:40 Arson
37:16 Bow Saw
37:42 First Crusade
38:40 Murder Holes
39:08 Ballistics
39:02 Horse Collar
40:29 Crossbowman
41:42 Masonry
41:44 Caravan
51:45 Pikeman
alexgolan
1:02 Loom
17:14 Feudal Age
17:42 Horse Collar
17:50 Double-Bit Axe
21:23 Wheelbarrow
25:16 Stone Mining
29:48 Castle Age
27:58 Gold Mining
29:19 Scale Mail Armor
29:30 Forging
30:53 Heavy Plow
31:05 Bow Saw
30:23 Pikeman
32:38 Gold Shaft Mining
35:01 Fortified Wall
34:32 Treadmill Crane
35:38 Stone Shaft Mining
35:34 Chain Mail Armor
37:03 Squires
39:40 Husbandry
42:14 Imperial Age
40:11 Hand Cart
41:30 Caravan
42:29 Scale Barding Armor
43:00 Iron Casting
43:45 Conscription
44:05 Hoardings
43:56 Chain Barding Armor
45:37 Two-Man Saw
44:03 Cavalier
46:16 Chemistry
45:37 Ballistics
45:16 Murder Holes
45:06 Paladin
46:28 Plate Barding Armor
46:25 Plate Mail Armor
47:08 Halberdier
48:14 Fletching
56:36 Bodkin Arrow
59:22 Bracer
OUMEASIM
13:03 Feudal Age
14:58 Double-Bit Axe
16:49 Horse Collar
20:54 Castle Age
20:27 Wheelbarrow
22:04 Heavy Plow
21:57 Gold Mining
21:57 Stone Mining
23:55 Bow Saw
26:00 Loom
26:31 Hand Cart
28:09 Stone Mining
29:41 Coinage
36:44 Imperial Age
34:36 Pikeman
34:36 Man-at-Arms
35:02 Gambesons
35:25 Squires
35:13 Arson
38:07 Halberdier
38:27 Elite Conquistador
39:11 Inquisition
39:53 Caravan
40:24 Banking
41:13 Padded Archer Armor
41:03 Fletching
41:19 Scale Barding Armor
41:14 Scale Mail Armor
41:25 Forging
43:33 Two-Man Saw
43:11 Stone Shaft Mining
45:20 Leather Archer Armor
45:01 Bodkin Arrow
45:26 Chain Barding Armor
45:21 Chain Mail Armor
45:42 Iron Casting
54:46 Ring Archer Armor
59:23 Murder Holes
59:41 Fortified Wall
60:33 Chemistry
59:54 Ballistics
61:05 Fervor
61:13 Block Printing
60:57 Herbal Medicine
67:33 Bombard Tower
67:41 Arrowslits
70:59 Supremacy
81:36 Guard Tower
81:51 Siphons
82:07 Shipwright
81:58 Thumb Ring
81:17 Heavy Mounted Crossbowman
89:48 Ring Archer Armor
89:18 Bracer
89:54 Plate Barding Armor
89:50 Plate Mail Armor
90:20 Blast Furnace
90:05 Cavalier
90:46 Husbandry
90:56 Bloodlines
ceremison
0:37 Loom
11:56 Feudal Age
12:35 Double-Bit Axe
12:33 Horse Collar
16:44 Gold Mining
16:45 Stone Mining
22:01 Castle Age
21:56 Arson
23:37 Heavy Plow
23:52 Bow Saw
23:53 Squires
25:29 Sipahi
35:27 Wheelbarrow
41:39 Imperial Age
39:51 Wheelbarrow
39:01 Town Watch
40:05 Gold Shaft Mining
39:33 Padded Archer Armor
39:23 Fletching
39:44 Forging
39:34 Scale Mail Armor
39:40 Scale Barding Armor
42:24 Hand Cart
42:10 Town Patrol
42:57 Treadmill Crane
43:07 Heated Shot
43:38 Ballistics
43:39 Bombard Tower
43:29 Masonry
45:48 Leather Archer Armor
45:28 Bodkin Arrow
46:09 Iron Casting
45:50 Chain Mail Armor
45:55 Chain Barding Armor
45:03 Heavy Cavalry Archer
46:57 Hoardings
46:23 Artillery
52:44 Architecture
55:24 Ring Archer Armor
54:55 Bracer
56:48 Conscription
58:42 Two-Man Saw
58:28 Elite Janissary
61:43 Redemption
61:34 Atonement
64:49 Bracer
65:49 Blast Furnace
65:20 Plate Mail Armor
70:49 Devotion
71:07 Fervor
Scott
10:08 Feudal Age
23:18 Castle Age
26:04 Horse Collar
26:10 Double-Bit Axe
27:02 Wheelbarrow
27:24 Heavy Plow
27:39 Bow Saw
27:49 Hand Cart
27:27 Gold Mining
27:27 Stone Mining
28:46 Gold Shaft Mining
30:00 Stone Shaft Mining
35:44 Imperial Age
39:13 Elite War Elephant
42:29 Crop Rotation
45:25 Two-Man Saw
76:18 Caravan
acetiner
0:33 Loom
14:16 Feudal Age
15:42 Horse Collar
15:52 Double-Bit Axe
16:03 Stone Mining
18:53 Gold Mining
22:44 Forging
22:40 Scale Barding Armor
22:36 Scale Mail Armor
22:27 Fletching
27:53 Castle Age
28:41 Heavy Plow
29:21 Gold Shaft Mining
28:59 Bow Saw
29:28 Iron Casting
29:44 Bloodlines
30:54 Husbandry
31:19 Chain Barding Armor
30:59 Bodkin Arrow
31:25 Chain Barding Armor
32:18 Marauders
32:42 Chain Mail Armor
35:01 Wheelbarrow
35:30 Padded Archer Armor
36:05 Hand Cart
39:04 Imperial Age
41:09 Blast Furnace
40:10 Bracer
40:45 Plate Barding Armor
40:38 Elite Tarkan
41:40 Atheism
41:44 Conscription
40:56 Sappers
42:20 Murder Holes
42:36 Masonry
42:48 Ballistics
43:28 Chemistry
45:48 Guilds
54:19 Man-at-Arms
54:20 Pikeman
55:00 Squires
54:46 Arson
55:52 Long Swordsman
58:17 Halberdier
58:18 Two-Handed Swordsman
62:59 Two-Man Saw
TupacInca 6293
0:33 Loom
10:44 Feudal Age
12:15 Double-Bit Axe
12:23 Stone Mining
13:00 Horse Collar
22:57 Castle Age
22:19 Champi Runner
23:03 Scale Mail Armor
23:14 Forging
25:37 Town Watch
ukrc786
2:37 Loom
11:49 Feudal Age
13:56 Double-Bit Axe
16:11 Arson
20:19 Horse Collar
23:06 Forging
22:57 Padded Archer Armor
22:47 Fletching
22:58 Scale Mail Armor
23:05 Scale Barding Armor
25:07 Castle Age
26:33 Squires
25:54 Pikeman
27:31 Iron Casting
27:12 Chain Mail Armor
26:56 Bodkin Arrow
27:17 Leather Archer Armor
32:15 Elite Skirmisher
33:32 Inquisition
Connection lost

Rejoining the realm…

Still unreachable

The connection could not be restored.

Session expired

The server has moved on; the page needs a fresh start.